 Dungeon Crawl Stone Soup version 0.30-a0-722-g3e6e8c874d (webtiles) character file.

Game seed: 13867503201881403335

96 Hubris850 the Ducker (level 4, -2/34 HPs)
             Began as a Demonspawn Gladiator on Jan 27, 2023.
             Slain by an orc
             ... wielding a +0 trident
              (4 damage)
             ... on level 3 of the Dungeon.
             The game lasted 00:04:58 (1940 turns).

Hubris850 the Ducker (Demonspawn Gladiator)         Turns: 1940, Time: 00:04:59

Health: -2/34      AC:  5    Str: 14    XL:     4   Next: 41%
Magic:  4/4        EV: 12    Int: 11    God:
Gold:   108        SH:  0    Dex: 15    Spells: 3/3 levels left

rFire   + . .      SeeInvis .    a - +0 war axe
rCold   . . .      Faith    .    (no shield)
rNeg    . . .      Spirit   .    b - +0 leather armour
rPois   .          Reflect  .    (helmet restricted)
rElec   .          Harm     .    (no cloak)
rCorr   .          Rampage  .    (no gloves)
Will    .....                    (no boots)
Stlth   +                        (no amulet)
HPRegen 0.25/turn                q - ring of protection from fire
MPRegen 0.09/turn                (no ring)

@: no status effects
A: horns 2, molten scales 1
a: no special abilities


You were on level 3 of the Dungeon.
You visited 1 branch of the dungeon, and saw 3 of its levels.

You collected 108 gold pieces.

Inventory:

Hand Weapons
 a - a +0 war axe (weapon)
Missiles
 d - 3 throwing nets (quivered)
 e - a javelin
 r - 4 poisoned darts
Armour
 b - a +0 leather armour (worn)
 c - a +0 helmet
Jewellery
 q - a ring of protection from fire (left hand)
Scrolls
 i - a scroll of immolation {unknown}
 j - 2 scrolls of poison {unknown}
 k - a scroll of fog {unknown}
 m - a scroll of noise {unknown}
 n - 5 scrolls of teleportation {unknown}
 o - 3 scrolls of identify {unknown}
 s - a scroll of amnesia {unknown}
 v - a scroll of torment {unknown}
Potions
 f - 2 potions of flight {unknown}
 g - a potion of haste {unknown}
 h - 4 potions of curing
 l - a potion of mutation {unknown}
 p - a potion of ambrosia {unknown}
 t - a potion of might {unknown}
 u - 3 potions of degeneration {unknown}


   Skills:
 + Level 2.9 Fighting
 + Level 3.2 Axes
 + Level 2.6 Throwing
 + Level 3.3 Dodging


You had 3 spell levels left.
You didn't know any spells.
Your spell library contained the following spells:

 Spells                   Type           Power      Damage    Failure   Level
 Kiss of Death            Conj/Necr      0%         2d5       41%         1
 Sandblast                Erth           0%         2d4       41%         1
 Passwall                 Tmut/Erth      0%         N/A       56%         2
 Confusing Touch          Hex            0%         N/A       80%         3
 Stone Arrow              Conj/Erth      0%         3d7       80%         3
 Dispel Undead            Necr           0%         3d6       99%         4
 Conjure Ball Lightning   Conj/Air       0%         3x3d6     100%        6
 Discord                  Hex            0%         N/A       100%        8
 Disjunction              Tloc           0%         N/A       100%        8


Dungeon Overview and Level Annotations

Branches:
Dungeon (3/15)

Altars:
Hepliaklqana

Shops:
D:1 [


Innate Abilities, Weirdness & Mutations

You have a pair of horns on your head.
You are partially covered in molten scales. (AC +2)


Message History

The orc hits you from afar with a +0 trident.
* * * LOW HITPOINT WARNING * * *
You are too injured to fight recklessly!
You are too injured to fight recklessly!
It was a potion of curing.
You feel better.
You hear some strange, mumbled words.
A puff of flame appears from out of thin air!
The puff of flame misses you.
The orc hits you from afar with a +0 trident.
You barely miss something.
You hear some strange, mumbled words.
A magic dart appears from out of thin air!
The magic dart hits you.
* * * LOW HITPOINT WARNING * * *
The orc barely misses you.
You closely miss something. Something hits you but does no damage.
The orc closely misses you.
You hit something. You headbutt something! The orc misses you.
Something hits you but does no damage. The orc barely misses you.
Something hits you but does no damage.
You closely miss something. Something hits you. The orc closely misses you.
You closely miss something. Something hits you.
* * * LOW HITPOINT WARNING * * *
The orc closely misses you. Something hits you.
* * * LOW HITPOINT WARNING * * *
The orc closely misses you.
You slash something!
Reactivating autopickup.
You feel a bit more experienced. The orc misses you.
You barely miss the orc.
The orc hits you from afar with a +0 trident.
* * * LOW HITPOINT WARNING * * *
The orc closely misses you.
You hit the orc. Your headbutt misses the orc.
The orc is heavily wounded.
The orc closely misses you. The orc hits you with a +0 hand axe.
* * * LOW HITPOINT WARNING * * *
The orc misses you.
The orc hits you from afar with a +0 trident.
You die...

........##.##
#
#######.##.#
# #.##.# #
#####.##.# #
#........# #
#.###.#### #
..### #.# #
.....o###.# #
#.....o@..#
###########


You could see 2 orcs.

Vanquished Creatures
  An orc wizard (D:3)
  2 adders (D:3)
  A dart slug (D:3)
  2 orcs (D:3)
  5 endoplasms
  A giant cockroach (D:1)
  8 goblins
  3 hobgoblins
  3 quokkas
  5 ball pythons
  8 bats
  A frilled lizard (D:1)
  2 kobolds
  8 rats
50 creatures vanquished.

Notes
Turn   | Place    | Note
-------+----------+-------------------------------------------
     0 | D:1      | Hubris850 the Demonspawn Gladiator began the quest for the
                  | Orb.
     0 | D:1      | Reached XP level 1. HP: 16/16 MP: 1/1
    40 | D:1      | Found Xaucipuirch's Armour Shop.
   183 | D:1      | Gained mutation: You have a pair of small horns on your
                  | head. [demonic ancestry]
   183 | D:1      | Reached XP level 2. HP: 7/22 MP: 2/2
   856 | D:2      | Gained mutation: You have a pair of horns on your head.
                  | [demonic ancestry]
   856 | D:2      | Reached XP level 3. HP: 28/28 MP: 3/3
   858 | D:2      | Identified the +1 helmet of Understanding {rN+ Regen+
                  | Dex+2}
  1435 | D:2      | Found a faded altar of an unknown god.
  1686 | D:3      | Found a hazy altar of Hepliaklqana.
  1928 | D:3      | Gained mutation: You are partially covered in molten
                  | scales. (AC +2) [demonic ancestry]
  1928 | D:3      | Reached XP level 4. HP: 34/34 MP: 4/4
  1940 | D:3      | Slain by an orc

Illustrated notes

Levels and vault maps discovered:
D:1:      nicolae_arrival_memento_mori, layout_basic, serial_shops,
          nicolae_square_shop
D:2:      layout_loops_ring, shapermc_ecumenical_altar_mp_highgroup
D:3:      layout_loops_corners, worldfamousw_hep_ancestral_shrine

Skill      XL: |  1  2  3 |
---------------+----------+-----
Throwing       | 2 |  2.6
Dodging        | 3 |  3.3
Axes           | 3 |  3.2
Fighting       | |  2.9

Action                     |  1- 3 |  4- 6 || total
---------------------------+-------+-------++-------
  Melee: War axe           |   100 |    12 ||   112
         Headbutt          |     8 |     2 ||    10
         Punch             |     2 |       ||     2
    Use: Potion            |       |     1 ||     1
   Stab: Sleeping          |     2 |       ||     2
 Armour: Leather armour    |    29 |     5 ||    34
  Dodge: Dodged            |    69 |    16 ||    85

Table legend: (Time is in decaauts)
 A = Elapsed time spent in this place.
 B = Non-inter-level travel time spent in this place.
 C = Inter-level travel time spent in this place.
 D = Time resting spent in this place.
 E = Time spent auto-exploring this place.
 F = Levels seen in this place.
 G = Mean time per level.
                   A        B        C        D        E       F      G
               +--------+--------+--------+--------+--------+-----+--------+
         Total |   1978 |   1919 |     59 |     47 |   1544 |   3 |  659.3 |
       Dungeon |   1978 |   1919 |     59 |     47 |   1544 |   3 |  659.3 |
               +--------+--------+--------+--------+--------+-----+--------+

Top non-repeatable levels by time:
     D:1: 783 daAuts
     D:2: 732 daAuts
     D:3: 462 daAuts
